Red Wings vs Flyers
(R1)
Created - May 19, 2020 at 19:34
Goals
|
Red Wings |
2 |
0 |
0 |
2 |
Flyers |
2 |
0 |
2 |
4 |
|
Shots
|
Red Wings |
7 |
15 |
11 |
33 |
Flyers |
12 |
8 |
13 |
33 |
|
1st period
1. Flyers , J.T. Miller 2 (Oliver Ekman-Larsson 1, Mats Zuccarello 2) at 10:56 (PP)
2. Red Wings , Chris Kelly 1 (David Krejci 1, Mike Richards 4) at 13:44
3. Flyers , J.T. Miller 3 (Mats Zuccarello 3, Jordan Nolan 3) at 13:54
4. Red Wings , Michael Haley 2 (Petter Granberg 1, James Reimer) at 15:57
Penalties :
David Krejci (Det) for Interference (Minor) at 0:54, Chris Kelly (Det) for Holding (Minor) at 9:44, Karl Alzner (Det) for High sticking (Minor) at 16:35
2nd period
No Goal
Penalties :
Nathan Beaulieu (Phi) for Tripping (Minor) at 3:25
3rd period
5. Flyers , J.T. Miller 4 (Mats Zuccarello 4, Brian Lashoff 1) at 2:45
6. Flyers , Oliver Ekman-Larsson 1 (Matthew Lombardi 2) at 19:21 (Empty Net)
Penalties :
Mike Richards (Det) for Holding Stick (Minor) at 2:52, Riley Armstrong (Det) for Elbowing (Minor) at 10:45, Jakub Kindl (Det) for Hooking (Minor) at 13:49, Jonathan Ericsson (Phi) for Holding (Minor) at 19:59
Goalie Stats
James Reimer (Det), 29 saves from 32 shots - (0.906), L, 2-2-0, 59:30 minutes
Cam Ward (Phi), 31 saves from 33 shots - (0.939), W, 1-1-0, 60:00 minutes
Players Stats for Red Wings
Player Name G A P +/- PIM S H SB GA TA FO MP PP MP PK MP
------------------------------------------------------------------------------------
Alex Picard 0 0 0 -1 0 2 3 0 0 0 0/1 17:22 1:00 0:42
Chris Kelly 1 0 1 1 2 3 1 1 0 0 3/9 17:25 0:00 5:35
Connor Brown 0 0 0 -2 0 1 1 0 1 4 1/3 16:23 1:04 0:00
Dany Heatley 0 0 0 1 0 1 1 0 1 0 0/0 14:12 0:04 3:35
David Krejci 0 1 1 2 2 0 1 0 1 0 1/5 9:46 0:04 0:00
Jakub Kindl 0 0 0 -1 2 1 0 2 0 0 0/0 19:36 0:46 4:32
Jiri Fischer 0 0 0 0 0 2 0 0 0 1 0/0 20:53 0:46 5:55
Jordin Tootoo 0 0 0 -1 0 3 1 0 0 1 0/0 13:25 0:55 0:00
Karl Alzner 0 0 0 0 2 3 2 0 0 0 0/0 17:13 1:13 0:40
Michael Haley 1 0 1 0 0 6 2 0 0 0 0/0 15:07 0:00 6:35
Mike Richards 0 1 1 -1 2 2 0 0 1 0 14/24 17:47 1:00 1:26
Nick Bjugstad 0 0 0 -1 0 1 1 0 0 0 5/9 14:56 0:55 1:31
Petter Granberg 0 1 1 0 0 0 0 0 0 1 0/0 12:51 0:00 0:00
Philip Samuelsson 0 0 0 -1 0 2 2 2 1 1 0/0 26:09 1:13 5:55
Riley Armstrong 0 0 0 0 2 3 0 1 1 1 1/5 10:21 0:00 2:50
Ryan O'Byrne 0 0 0 0 0 1 0 3 0 1 0/0 24:49 0:00 5:12
Teuvo Teravainen 0 0 0 -1 0 2 3 0 0 0 0/0 13:25 0:55 0:00
Tomas Hyka 0 0 0 0 0 0 1 1 0 0 0/0 7:07 0:00 0:00
Players Stats for Flyers
Player Name G A P +/- PIM S H SB GA TA FO MP PP MP PK MP
------------------------------------------------------------------------------------
Brian Lashoff 0 1 1 1 0 0 0 0 0 0 0/0 15:11 0:00 0:43
Brock Nelson 0 0 0 -1 0 1 2 0 1 0 0/0 11:28 0:00 0:00
Chris Mcallister 0 0 0 1 0 1 0 0 1 0 2/2 9:15 0:00 0:58
Drew Miller 0 0 0 -1 0 4 4 0 0 1 2/2 21:17 6:28 0:00
J.T. Miller 3 0 3 2 0 4 0 1 0 0 0/1 19:09 4:39 1:01
Jakub Voracek 0 0 0 -1 0 4 1 2 0 0 0/1 21:24 6:28 0:00
Jeff Carter 0 0 0 -1 0 1 3 2 1 2 11/18 22:12 6:28 0:54
Jeff Woywitka 0 0 0 0 0 1 3 4 1 1 0/0 24:34 4:33 1:16
Jonathan Ericsson 0 0 0 0 2 1 0 2 0 0 0/0 21:42 4:11 0:43
Jordan Nolan 0 1 1 2 0 4 4 0 0 1 7/14 17:50 4:36 0:07
Marcus Kruger 0 0 0 -1 0 2 1 0 1 0 5/13 12:20 0:03 0:00
Mats Zuccarello 0 3 3 3 0 2 2 0 0 1 0/0 17:38 4:37 0:00
Matt Smaby 0 0 0 0 0 1 2 1 0 0 0/0 8:20 2:25 0:00
Matthew Lombardi 0 1 1 1 0 3 0 0 0 0 4/5 8:55 0:00 0:58
Nathan Beaulieu 0 0 0 -1 2 0 1 3 1 0 0/0 22:28 4:09 0:00
Oliver Ekman-Larsson 1 1 2 2 0 3 0 2 2 0 0/0 25:22 6:56 1:16
Ryan Callahan 0 0 0 0 0 1 1 0 1 0 0/0 7:26 0:02 0:00
Tomas Kubalik 0 0 0 -1 0 0 0 0 1 0 0/0 11:28 0:00 0:00
3 Stars
1 - J.T. Miller (Phi)
2 - Mats Zuccarello (Phi)
3 - Oliver Ekman-Larsson (Phi)
Power Play
Red Wings - 0 on 2 Attempt(s) - 0.00%
Flyers - 1 on 6 Attempt(s) - 16.67%
Penalty Kill
Red Wings - 5 on 6 Attempt(s) - 83.33%
- Score 0 goal in Penalty Kill
Flyers - 2 on 2 Attempt(s) - 100.00%
- Score 0 goal in Penalty Kill
Team Stat
Red Wings - Hits : 19 - Faceoff Wins : 25 - Blocked Shots : 10 - Penalty Minutes : 12
Flyers - Hits : 24 - Faceoff Wins : 31 - Blocked Shots : 17 - Penalty Minutes : 4
Official
Referees : Unknown
Linesman : Unknown
Game Notes
Matt Smaby is injured at 2:41 of 2nd period (Left Knee)
J.T. Miller has scored a Hat Trick!
Oliver Ekman-Larsson has scored in a empty net!
Finance
Level 1 -- Attendance: 5171 (86.18%) -- Ticket Income $646,375
Level 2 -- Attendance: 3953 (79.06%) -- Ticket Income $296,475
Level 3 -- Attendance: 1557 (77.85%) -- Ticket Income $77,850
Level 4 -- Attendance: 3018 (75.45%) -- Ticket Income $120,720
Luxury Box -- Attendance: 774 (77.40%) -- Ticket Income $193,500
Game was played at the Wells Fargo Center.
Total Attendance: 14473 (80.41%)
Total Ticket Income: $1,334,920
Other Income: $200,238
Total Income: $1,535,158
Red Wings
5 vs 5 Forward
Center Left Wing Right Wing Time % Phy DF OF
1 Mike Richards Alex Picard Connor Brown 40 0 2 3
2 Nick Bjugstad Teuvo Teravainen Jordin Tootoo 30 0 2 3
3 David Krejci Dany Heatley Chris Kelly 20 2 2 1
4 Riley Armstrong Michael Haley Tomas Hyka 10 0 2 3
5 vs 5 Defense
Defense Defense Time % Phy DF OF
1 Philip Samuelsson Ryan O'Byrne 40 0 2 3
2 Karl Alzner Jiri Fischer 30 0 2 3
3 Petter Granberg Jakub Kindl 20 1 2 2
4 Petter Granberg Jakub Kindl 10 1 2 2
PowerPlay Forward
Center Left Wing Right Wing Time % Phy DF OF
1 Mike Richards Alex Picard Connor Brown 60 0 1 4
2 Nick Bjugstad Teuvo Teravainen Jordin Tootoo 40 0 1 4
PowerPlay Defense
Defense Defense Time % Phy DF OF
1 Philip Samuelsson Karl Alzner 60 0 2 3
2 Jiri Fischer Jakub Kindl 40 0 2 3
Penalty Kill 4 Players Forward
Center Wing Time % Phy DF OF
1 Chris Kelly Michael Haley 60 1 2 2
2 Riley Armstrong Dany Heatley 40 1 2 2
Penalty Kill 4 Players Defense
Defense Defense Time % Phy DF OF
1 Jiri Fischer Philip Samuelsson 60 1 2 2
2 Jakub Kindl Ryan O'Byrne 40 1 2 2
Penalty Kill - 3 Players Forward
Forward Time % Phy DF OF
1 Dany Heatley 60 1 2 2
2 Michael Haley 40 1 2 2
Penalty Kill - 3 Players Defense
Defense Defense Time % Phy DF OF
1 Jiri Fischer Ryan O'Byrne 60 1 2 2
2 Jakub Kindl Philip Samuelsson 40 1 2 2
4 vs 4 Forward
Center Wing Time % Phy DF OF
1 Mike Richards Connor Brown 60 1 2 2
2 Nick Bjugstad Alex Picard 40 1 2 2
4 vs 4 Defense
Defense Defense Time % Phy DF OF
1 Philip Samuelsson Ryan O'Byrne 60 1 2 2
2 Jiri Fischer Jakub Kindl 40 1 2 2
Last Minutes Offensive
Center Left Wing Right Wing Defense Defense
Mike Richards Alex Picard Connor Brown Philip Samuelsson Jakub Kindl
Last Minutes Defensive
Center Left Wing Right Wing Defense Defense
Riley Armstrong Michael Haley Dany Heatley Philip Samuelsson Ryan O'Byrne
Goaltenders
Starting : James Reimer
Backup : Josh Harding
Extra Forwards
Normal : Connor Brown, Nick Bjugstad, Jordin Tootoo - PP : David Krejci, Dany Heatley - PK : Mike Richards
Extra Defensemen
Normal : Philip Samuelsson, Karl Alzner, Jakub Kindl - PP : Ryan O'Byrne - PK : Philip Samuelsson, Karl Alzner
Penalty Shots
Mike Richards, Dany Heatley, Nick Bjugstad, Alex Picard, Jordin Tootoo
Scratches
Andrew Alberts (Healthy), Anton Volchenkov (Healthy), Petr Pohl (Back Injury), Carson Mcmillan (Left Foot Injury)
Flyers
5 vs 5 Forward
Center Left Wing Right Wing Time % Phy DF OF
1 Jordan Nolan J.T. Miller Mats Zuccarello 33 0 1 4
2 Jeff Carter Drew Miller Jakub Voracek 32 0 1 4
3 Marcus Kruger Brock Nelson Tomas Kubalik 25 0 2 3
4 Matthew Lombardi Chris Mcallister Ryan Callahan 10 0 4 1
5 vs 5 Defense
Defense Defense Time % Phy DF OF
1 Oliver Ekman-Larsson Jonathan Ericsson 30 1 3 1
2 Jeff Woywitka Nathan Beaulieu 30 1 3 1
3 Brian Lashoff Matt Smaby 30 1 3 1
4 Oliver Ekman-Larsson Jeff Woywitka 10 1 3 1
PowerPlay Forward
Center Left Wing Right Wing Time % Phy DF OF
1 Jeff Carter Drew Miller Jakub Voracek 50 0 1 4
2 Jordan Nolan J.T. Miller Mats Zuccarello 50 0 1 4
PowerPlay Defense
Defense Defense Time % Phy DF OF
1 Oliver Ekman-Larsson Matt Smaby 50 0 2 3
2 Jonathan Ericsson Jeff Woywitka 50 0 2 3
Penalty Kill 4 Players Forward
Center Wing Time % Phy DF OF
1 Matthew Lombardi Chris Mcallister 50 0 4 1
2 Jeff Carter J.T. Miller 50 0 4 1
Penalty Kill 4 Players Defense
Defense Defense Time % Phy DF OF
1 Oliver Ekman-Larsson Matt Smaby 50 1 4 0
2 Jeff Woywitka Jonathan Ericsson 50 1 4 0
Penalty Kill - 3 Players Forward
Forward Time % Phy DF OF
1 Matthew Lombardi 50 0 4 1
2 Jeff Carter 50 0 4 1
Penalty Kill - 3 Players Defense
Defense Defense Time % Phy DF OF
1 Oliver Ekman-Larsson Matt Smaby 50 1 4 0
2 Jeff Woywitka Jonathan Ericsson 50 1 4 0
4 vs 4 Forward
Center Wing Time % Phy DF OF
1 Jeff Carter Jakub Voracek 50 0 2 3
2 Jordan Nolan J.T. Miller 50 0 2 3
4 vs 4 Defense
Defense Defense Time % Phy DF OF
1 Oliver Ekman-Larsson Matt Smaby 50 1 3 1
2 Jeff Woywitka Jonathan Ericsson 50 1 3 1
Last Minutes Offensive
Center Left Wing Right Wing Defense Defense
Jeff Carter Drew Miller Jakub Voracek Oliver Ekman-Larsson Jeff Woywitka
Last Minutes Defensive
Center Left Wing Right Wing Defense Defense
Matthew Lombardi Drew Miller Mats Zuccarello Oliver Ekman-Larsson Jeff Woywitka
Goaltenders
Starting : Cam Ward
Backup : Steve Mason
Extra Forwards
Normal : Jeff Carter, Jordan Nolan, Drew Miller - PP : Jeff Carter, Jordan Nolan - PK : Matthew Lombardi
Extra Defensemen
Normal : Oliver Ekman-Larsson, Jeff Woywitka, Jonathan Ericsson - PP : Oliver Ekman-Larsson - PK : Oliver Ekman-Larsson, Jeff Woywitka
Penalty Shots
Jeff Carter, Jordan Nolan, J.T. Miller, Drew Miller, Mats Zuccarello
Scratches
None
% Time on Ice - Red Wings
Lines # - Real PCT - Wanted PCT - Time Play
Normal Forward
1 - 36% - 40% - 16:48
2 - 28% - 30% - 12:44
3 - 21% - 20% - 9:39
4 - 15% - 10% - 7:07
Normal Defense
1 - 40% - 40% - 18:28
2 - 32% - 30% - 14:59
3 - 20% - 20% - 9:15
4 - 8% - 10% - 3:36
PP Forward
1 - 54% - 60% - 1:04
2 - 46% - 40% - 0:55
PP Defense
1 - 61% - 60% - 1:13
2 - 39% - 40% - 0:46
PK Forward
1 - 68% - 60% - 7:32
2 - 32% - 40% - 3:35
PK Defense
1 - 53% - 60% - 5:55
2 - 47% - 40% - 5:12
PK3 Forward
1 - 0% - 60%
2 - 0% - 40%
PK3 Defense
1 - 0% - 60%
2 - 0% - 40%
44 Forward
1 - 0% - 60%
2 - 0% - 40%
44 Defense
1 - 0% - 60%
2 - 0% - 40%
Last Minute Offensive - 0:36
Last Minute Defensive - 0:00
Total
Forward - 60:00
Defense - 60:00
|
% Time on Ice - Flyers
Lines # - Real PCT - Wanted PCT - Time Play
Normal Forward
1 - 30% - 33% - 13:55
2 - 31% - 32% - 14:25
3 - 25% - 25% - 11:28
4 - 14% - 10% - 6:29
Normal Defense
1 - 30% - 30% - 13:48
2 - 27% - 30% - 12:25
3 - 38% - 30% - 17:35
4 - 5% - 10% - 2:29
PP Forward
1 - 58% - 50% - 6:28
2 - 42% - 50% - 4:39
PP Defense
1 - 64% - 50% - 7:05
2 - 36% - 50% - 4:02
PK Forward
1 - 49% - 50% - 0:58
2 - 51% - 50% - 1:01
PK Defense
1 - 100% - 50% - 1:59
2 - 0% - 50% - 0:00
PK3 Forward
1 - 0% - 50%
2 - 0% - 50%
PK3 Defense
1 - 0% - 50%
2 - 0% - 50%
44 Forward
1 - 0% - 50%
2 - 0% - 50%
44 Defense
1 - 0% - 50%
2 - 0% - 50%
Last Minute Offensive - 0:00
Last Minute Defensive - 0:37
Total
Forward - 60:00
Defense - 60:00
|
Play-by-Play
1st period
0:01 of 1st period - Mike Richards wins face-off versus J.T. Miller in neutral zone.
0:39 of 1st period - Wrist shot by J.T. Miller.
0:39 of 1st period - Shot Misses the Net.
0:54 of 1st period - Minor Penalty to David Krejci for Interference.
0:55 of 1st period - Drew Miller wins face-off versus Chris Kelly in Red Wings zone.
1:05 of 1st period - Wrist shot by Jeff Carter.
1:05 of 1st period - Stopped by James Reimer without a rebound.
1:06 of 1st period - Chris Kelly wins face-off versus Jakub Voracek in Red Wings zone.
1:44 of 1st period - Chris Kelly is hit by Mats Zuccarello and loses puck.
2:54 of 1st period - Penalty to David Krejci is over, David Krejci is back on ice.
3:07 of 1st period - Jordin Tootoo is hit by Marcus Kruger and loses puck.
3:45 of 1st period - Tomas Kubalik is hit by David Krejci and loses puck.
4:35 of 1st period - Slapshot by Riley Armstrong.
4:35 of 1st period - Stopped by Cam Ward with a rebound.
4:37 of 1st period - Slapshot by Philip Samuelsson.
4:37 of 1st period - Stopped by Cam Ward without a rebound.
4:38 of 1st period - Jeff Carter wins face-off versus Riley Armstrong in Flyers zone.
4:43 of 1st period - Snap shot by Michael Haley.
4:43 of 1st period - Stopped by Cam Ward with a rebound.
4:49 of 1st period - Wrist shot by Drew Miller.
4:49 of 1st period - Stopped by James Reimer with a rebound.
5:55 of 1st period - Wrist shot by Michael Haley.
5:55 of 1st period - Shot Blocked by Jonathan Ericsson.
5:57 of 1st period - Snap shot by Michael Haley.
5:57 of 1st period - Stopped by Cam Ward with a rebound.
5:59 of 1st period - Slapshot by Riley Armstrong.
5:59 of 1st period - Stopped by Cam Ward without a rebound.
6:00 of 1st period - Mike Richards wins face-off versus Marcus Kruger in Flyers zone.
6:32 of 1st period - Jordin Tootoo is hit by Matt Smaby and loses puck.
6:48 of 1st period - Off-side.
6:49 of 1st period - Matthew Lombardi wins face-off versus David Krejci in neutral zone.
6:58 of 1st period - Snap shot by Chris Kelly.
6:58 of 1st period - Shot Misses the Net.
7:00 of 1st period - Slapshot by Chris Kelly.
7:00 of 1st period - Shot Hit the Post.
7:02 of 1st period - Slapshot by Karl Alzner.
7:02 of 1st period - Shot Misses the Net.
7:19 of 1st period - Backhand shot by Matt Smaby.
7:19 of 1st period - Deflect By Karl Alzner.
7:19 of 1st period - Stopped by James Reimer without a rebound.
7:20 of 1st period - Nick Bjugstad wins face-off versus Jordan Nolan in Red Wings zone.
7:37 of 1st period - Snap shot by Mats Zuccarello.
7:37 of 1st period - Shot Blocked by Ryan O'Byrne.
7:56 of 1st period - Wrist shot by Mike Richards.
7:56 of 1st period - Shot Blocked by Jeff Woywitka.
8:38 of 1st period - Snap shot by Riley Armstrong.
8:38 of 1st period - Shot Misses the Net.
8:40 of 1st period - Wrist shot by Michael Haley.
8:40 of 1st period - Shot Misses the Net.
8:42 of 1st period - Snap shot by Michael Haley.
8:42 of 1st period - Shot Misses the Net.
9:34 of 1st period - Dany Heatley is hit by Drew Miller and loses puck.
9:44 of 1st period - Minor Penalty to Chris Kelly for Holding.
9:45 of 1st period - Mike Richards wins face-off versus Jordan Nolan in Red Wings zone.
9:58 of 1st period - Mike Richards is hit by Matt Smaby and loses puck.
10:18 of 1st period - Jakub Kindl is hit by Mats Zuccarello.
10:52 of 1st period - Slapshot by Mats Zuccarello.
10:52 of 1st period - Stopped by James Reimer with a rebound.
10:54 of 1st period - Slapshot by Oliver Ekman-Larsson.
10:54 of 1st period - Shot Blocked by Ryan O'Byrne.
10:56 of 1st period - Wrist shot by J.T. Miller.
10:56 of 1st period - Goal by J.T. Miller - Red Wings : 0 - Flyers : 1.
10:57 of 1st period - Jeff Carter wins face-off versus Alex Picard in neutral zone.
11:00 of 1st period - Wrist shot by Drew Miller.
11:00 of 1st period - Deflect By Jakub Voracek.
11:00 of 1st period - Shot Misses the Net.
11:00 of 1st period - Puck is out of play.
11:01 of 1st period - Mike Richards wins face-off versus Jeff Carter in Red Wings zone.
11:37 of 1st period - Wrist shot by Drew Miller.
11:37 of 1st period - Stopped by James Reimer without a rebound.
11:38 of 1st period - Nick Bjugstad wins face-off versus Jordan Nolan in Red Wings zone.
12:01 of 1st period - Nick Bjugstad is hit by Jordan Nolan and loses puck.
12:09 of 1st period - Off-side.
12:10 of 1st period - Connor Brown wins face-off versus Marcus Kruger in neutral zone.
12:13 of 1st period - Jonathan Ericsson is hit by Alex Picard and loses puck.
13:22 of 1st period - Wrist shot by Ryan Callahan.
13:22 of 1st period - Shot Misses the Net.
13:24 of 1st period - Slapshot by Jeff Woywitka.
13:24 of 1st period - Shot Misses the Net.
13:44 of 1st period - Wrist shot by Chris Kelly.
13:44 of 1st period - Goal by Chris Kelly - Red Wings : 1 - Flyers : 1.
13:45 of 1st period - Jordan Nolan wins face-off versus Mike Richards in neutral zone.
13:50 of 1st period - Snap shot by Jordan Nolan.
13:50 of 1st period - Stopped by James Reimer with a rebound.
13:52 of 1st period - Backhand shot by Mats Zuccarello.
13:52 of 1st period - Stopped by James Reimer with a rebound.
13:54 of 1st period - Wrist shot by J.T. Miller.
13:54 of 1st period - Goal by J.T. Miller - Red Wings : 1 - Flyers : 2.
13:55 of 1st period - Jordan Nolan wins face-off versus Mike Richards in neutral zone.
15:35 of 1st period - Wrist shot by Chris Mcallister.
15:35 of 1st period - Shot Blocked by Riley Armstrong.
15:39 of 1st period - Snap shot by Chris Mcallister.
15:39 of 1st period - Shot Misses the Net.
15:41 of 1st period - Wrist shot by Chris Mcallister.
15:41 of 1st period - Shot Blocked by Tomas Hyka.
15:43 of 1st period - Slapshot by Nathan Beaulieu.
15:43 of 1st period - Shot Blocked by Jakub Kindl.
15:45 of 1st period - Snap shot by Matthew Lombardi.
15:45 of 1st period - Stopped by James Reimer with a rebound.
15:47 of 1st period - Slapshot by Jeff Woywitka.
15:47 of 1st period - Deflect By Jakub Kindl.
15:47 of 1st period - Stopped by James Reimer with a rebound.
15:57 of 1st period - Snap shot by Michael Haley.
15:57 of 1st period - Goal by Michael Haley - Red Wings : 2 - Flyers : 2.
15:58 of 1st period - Mike Richards wins face-off versus Jeff Carter in neutral zone.
16:04 of 1st period - Off-side.
16:05 of 1st period - Jeff Carter wins face-off versus Mike Richards in neutral zone.
16:12 of 1st period - Snap shot by Drew Miller.
16:12 of 1st period - Shot Hit the Post.
16:35 of 1st period - Minor Penalty to Karl Alzner for High sticking.
16:36 of 1st period - Chris Kelly wins face-off versus Jordan Nolan in Red Wings zone.
17:14 of 1st period - Wrist shot by Jeff Carter.
17:14 of 1st period - Shot Misses the Net.
17:50 of 1st period - Jeff Carter is hit by Chris Kelly and loses puck.
18:12 of 1st period - Alex Picard is hit by Jeff Woywitka and loses puck.
18:32 of 1st period - Ryan O'Byrne is hit by Jeff Carter and loses puck.
18:35 of 1st period - Penalty to Karl Alzner is over, Karl Alzner is back on ice.
18:47 of 1st period - Backhand shot by Jakub Voracek.
18:47 of 1st period - Shot Blocked by Jakub Kindl.
18:57 of 1st period - Wrist shot by Jakub Voracek.
18:57 of 1st period - Stopped by James Reimer with a rebound.
19:18 of 1st period - Karl Alzner is hit by Jakub Voracek and loses puck.
19:29 of 1st period - Jakub Voracek is hit by Michael Haley and loses puck.
Goals for this period are 2 for Red Wings vs 2 for Flyers.
Shots for this period are 7 for Red Wings vs 12 for Flyers.
2nd period
0:01 of 2nd period - Nick Bjugstad wins face-off versus Marcus Kruger in neutral zone.
0:12 of 2nd period - Slapshot by Marcus Kruger.
0:12 of 2nd period - Stopped by James Reimer with a rebound.
0:38 of 2nd period - Slapshot by Mike Richards.
0:38 of 2nd period - Shot Blocked by Oliver Ekman-Larsson.
1:17 of 2nd period - Wrist shot by Matthew Lombardi.
1:17 of 2nd period - Stopped by James Reimer with a rebound.
1:19 of 2nd period - Slapshot by Oliver Ekman-Larsson.
1:19 of 2nd period - Deflect By Michael Haley.
1:19 of 2nd period - Stopped by James Reimer with a rebound.
1:37 of 2nd period - Snap shot by Jordin Tootoo.
1:37 of 2nd period - Shot Misses the Net.
2:41 of 2nd period - Snap shot by Jordin Tootoo.
2:41 of 2nd period - Shot Blocked by Matt Smaby.
2:41 of 2nd period - Matt Smaby from Flyers is injured at 2:41 of 2nd period (Left Knee).
2:42 of 2nd period - Nick Bjugstad wins face-off versus Marcus Kruger in Flyers zone.
2:43 of 2nd period - Snap shot by Teuvo Teravainen.
2:43 of 2nd period - Stopped by Cam Ward without a rebound.
2:44 of 2nd period - Marcus Kruger wins face-off versus Nick Bjugstad in Flyers zone.
2:49 of 2nd period - Slapshot by Nathan Beaulieu.
2:49 of 2nd period - Shot Blocked by Ryan O'Byrne.
2:59 of 2nd period - Slapshot by Philip Samuelsson.
2:59 of 2nd period - Shot Blocked by Jeff Woywitka.
3:09 of 2nd period - Slapshot by Mike Richards.
3:09 of 2nd period - Shot Blocked by Jeff Woywitka.
3:11 of 2nd period - Slapshot by Jakub Kindl.
3:11 of 2nd period - Shot Blocked by Jakub Voracek.
3:25 of 2nd period - Minor Penalty to Nathan Beaulieu for Tripping.
3:26 of 2nd period - Mike Richards wins face-off versus Matthew Lombardi in Flyers zone.
4:18 of 2nd period - J.T. Miller is hit by Teuvo Teravainen and loses puck.
5:25 of 2nd period - Penalty to Nathan Beaulieu is over, Nathan Beaulieu is back on ice.
5:37 of 2nd period - Wrist shot by Chris Kelly.
5:37 of 2nd period - Shot Misses the Net.
5:39 of 2nd period - Slapshot by Jakub Kindl.
5:39 of 2nd period - Stopped by Cam Ward with a rebound.
5:41 of 2nd period - Slapshot by David Krejci.
5:41 of 2nd period - Shot Blocked by Jonathan Ericsson.
5:57 of 2nd period - Jonathan Ericsson is hit by Michael Haley and loses puck.
6:35 of 2nd period - Wrist shot by Jeff Carter.
6:35 of 2nd period - Shot Hit the Post.
6:51 of 2nd period - Nick Bjugstad is hit by Jordan Nolan and loses puck.
7:00 of 2nd period - Jordin Tootoo is hit by Jordan Nolan and loses puck.
7:17 of 2nd period - Karl Alzner is hit by Nathan Beaulieu and loses puck.
7:24 of 2nd period - Nathan Beaulieu is hit by Alex Picard and loses puck.
9:32 of 2nd period - Jordan Nolan is hit by Teuvo Teravainen and loses puck.
10:23 of 2nd period - Icing by Jeff Carter.
10:24 of 2nd period - Jeff Carter wins face-off versus Riley Armstrong in Flyers zone.
10:28 of 2nd period - Off-side.
10:29 of 2nd period - Mike Richards wins face-off versus Marcus Kruger in neutral zone.
10:34 of 2nd period - Snap shot by Mike Richards.
10:34 of 2nd period - Stopped by Cam Ward without a rebound.
10:35 of 2nd period - Marcus Kruger wins face-off versus Mike Richards in Flyers zone.
10:58 of 2nd period - Marcus Kruger is hit by Philip Samuelsson and loses puck.
11:17 of 2nd period - Snap shot by Philip Samuelsson.
11:17 of 2nd period - Stopped by Cam Ward with a rebound.
11:19 of 2nd period - Slapshot by Mike Richards.
11:19 of 2nd period - Stopped by Cam Ward without a rebound.
11:20 of 2nd period - Jeff Carter wins face-off versus Nick Bjugstad in Flyers zone.
11:51 of 2nd period - Wrist shot by Michael Haley.
11:51 of 2nd period - Stopped by Cam Ward with a rebound.
12:46 of 2nd period - Snap shot by Philip Samuelsson.
12:46 of 2nd period - Shot Misses the Net.
12:48 of 2nd period - Slapshot by Dany Heatley.
12:48 of 2nd period - Stopped by Cam Ward without a rebound.
12:49 of 2nd period - Mike Richards wins face-off versus Jordan Nolan in Flyers zone.
13:48 of 2nd period - Wrist shot by Brock Nelson.
13:48 of 2nd period - Shot Misses the Net.
13:54 of 2nd period - Snap shot by Jordin Tootoo.
13:54 of 2nd period - Shot Misses the Net.
14:54 of 2nd period - Slapshot by Philip Samuelsson.
14:54 of 2nd period - Deflect By Alex Picard.
14:54 of 2nd period - Stopped by Cam Ward with a rebound.
14:56 of 2nd period - Snap shot by Connor Brown.
14:56 of 2nd period - Stopped by Cam Ward with a rebound.
14:58 of 2nd period - Slapshot by Karl Alzner.
14:58 of 2nd period - Stopped by Cam Ward with a rebound.
15:00 of 2nd period - Wrist shot by Mike Richards.
15:00 of 2nd period - Shot Blocked by J.T. Miller.
15:10 of 2nd period - Oliver Ekman-Larsson is hit by Nick Bjugstad and loses puck.
15:36 of 2nd period - Snap shot by Riley Armstrong.
15:36 of 2nd period - Stopped by Cam Ward without a rebound.
15:37 of 2nd period - Riley Armstrong wins face-off versus Marcus Kruger in Flyers zone.
16:07 of 2nd period - Slapshot by Connor Brown.
16:07 of 2nd period - Shot Misses the Net.
16:09 of 2nd period - Slapshot by Philip Samuelsson.
16:09 of 2nd period - Shot Misses the Net.
16:42 of 2nd period - Wrist shot by Chris Mcallister.
16:42 of 2nd period - Stopped by James Reimer without a rebound.
16:43 of 2nd period - Chris Mcallister wins face-off versus David Krejci in Red Wings zone.
16:58 of 2nd period - Snap shot by Karl Alzner.
16:58 of 2nd period - Stopped by Cam Ward without a rebound.
16:59 of 2nd period - Jeff Carter wins face-off versus Mike Richards in Flyers zone.
16:59 of 2nd period - Jeff Carter is hit by Connor Brown.
17:05 of 2nd period - Alex Picard is hit by Drew Miller and loses puck.
17:12 of 2nd period - Snap shot by Jeff Carter.
17:12 of 2nd period - Shot Misses the Net.
17:14 of 2nd period - Slapshot by Jonathan Ericsson.
17:14 of 2nd period - Stopped by James Reimer with a rebound.
17:16 of 2nd period - Wrist shot by Oliver Ekman-Larsson.
17:16 of 2nd period - Shot Blocked by Philip Samuelsson.
17:30 of 2nd period - Snap shot by J.T. Miller.
17:30 of 2nd period - Stopped by James Reimer without a rebound.
17:31 of 2nd period - Jordan Nolan wins face-off versus Nick Bjugstad in Red Wings zone.
17:54 of 2nd period - Slapshot by Jiri Fischer.
17:54 of 2nd period - Stopped by Cam Ward with a rebound.
17:56 of 2nd period - Slapshot by Teuvo Teravainen.
17:56 of 2nd period - Shot Misses the Net.
17:58 of 2nd period - Slapshot by Petter Granberg.
17:58 of 2nd period - Deflect By Jordin Tootoo.
17:58 of 2nd period - Stopped by Cam Ward with a rebound.
18:00 of 2nd period - Slapshot by Jakub Kindl.
18:00 of 2nd period - Shot Blocked by Jakub Voracek.
18:02 of 2nd period - Wrist shot by Jordin Tootoo.
18:02 of 2nd period - Stopped by Cam Ward without a rebound.
18:03 of 2nd period - Mike Richards wins face-off versus Jeff Carter in Flyers zone.
18:43 of 2nd period - Slapshot by Jordan Nolan.
18:43 of 2nd period - Stopped by James Reimer without a rebound.
18:44 of 2nd period - Mike Richards wins face-off versus Marcus Kruger in Red Wings zone.
18:44 of 2nd period - Mike Richards is hit by Jeff Woywitka.
19:04 of 2nd period - Nathan Beaulieu is hit by Alex Picard and loses puck.
19:39 of 2nd period - Philip Samuelsson is hit by Jordan Nolan and loses puck.
19:46 of 2nd period - Snap shot by Jordan Nolan.
19:46 of 2nd period - Stopped by James Reimer with a rebound.
Goals for this period are 0 for Red Wings vs 0 for Flyers.
Shots for this period are 15 for Red Wings vs 8 for Flyers.
3rd period
0:01 of 3rd period - Jeff Carter wins face-off versus Mike Richards in neutral zone.
0:12 of 3rd period - Wrist shot by Drew Miller.
0:12 of 3rd period - Stopped by James Reimer without a rebound.
0:13 of 3rd period - Jeff Carter wins face-off versus Mike Richards in Red Wings zone.
0:14 of 3rd period - Wrist shot by Drew Miller.
0:14 of 3rd period - Stopped by James Reimer without a rebound.
0:15 of 3rd period - Mike Richards wins face-off versus Jeff Carter in Red Wings zone.
0:49 of 3rd period - Off-side.
0:50 of 3rd period - Nick Bjugstad wins face-off versus Marcus Kruger in neutral zone.
1:23 of 3rd period - Jordan Nolan is hit by Karl Alzner and loses puck.
1:30 of 3rd period - Wrist shot by Alex Picard.
1:30 of 3rd period - Stopped by Cam Ward with a rebound.
1:42 of 3rd period - Philip Samuelsson is hit by Drew Miller and loses puck.
1:46 of 3rd period - Icing by Philip Samuelsson.
1:47 of 3rd period - David Krejci wins face-off versus Jeff Carter in Red Wings zone.
2:06 of 3rd period - Wrist shot by Chris Kelly.
2:06 of 3rd period - Shot Blocked by Jeff Carter.
2:08 of 3rd period - Backhand shot by Chris Kelly.
2:08 of 3rd period - Stopped by Cam Ward without a rebound.
2:09 of 3rd period - Marcus Kruger wins face-off versus Connor Brown in Flyers zone.
2:45 of 3rd period - Wrist shot by J.T. Miller.
2:45 of 3rd period - Goal by J.T. Miller - Red Wings : 2 - Flyers : 3.
2:46 of 3rd period - Mike Richards wins face-off versus Jordan Nolan in neutral zone.
2:52 of 3rd period - Minor Penalty to Mike Richards for Holding Stick.
2:53 of 3rd period - Drew Miller wins face-off versus Chris Kelly in Red Wings zone.
3:58 of 3rd period - Off-side.
3:59 of 3rd period - Jordan Nolan wins face-off versus Riley Armstrong in neutral zone.
4:20 of 3rd period - Wrist shot by Jakub Voracek.
4:20 of 3rd period - Stopped by James Reimer without a rebound.
4:21 of 3rd period - Chris Kelly wins face-off versus Jeff Carter in Red Wings zone.
4:21 of 3rd period - Chris Kelly is hit by Drew Miller.
4:49 of 3rd period - Off-side.
4:50 of 3rd period - Jordan Nolan wins face-off versus Riley Armstrong in neutral zone.
4:52 of 3rd period - Penalty to Mike Richards is over, Mike Richards is back on ice.
5:05 of 3rd period - Wrist shot by Jordan Nolan.
5:05 of 3rd period - Stopped by James Reimer without a rebound.
5:06 of 3rd period - Mike Richards wins face-off versus Jeff Carter in Red Wings zone.
5:20 of 3rd period - Wrist shot by Connor Brown.
5:20 of 3rd period - Shot Misses the Net.
5:22 of 3rd period - Snap shot by Alex Picard.
5:22 of 3rd period - Shot Blocked by Jeff Carter.
5:32 of 3rd period - Drew Miller is hit by Dany Heatley and loses puck.
5:57 of 3rd period - Wrist shot by Michael Haley.
5:57 of 3rd period - Stopped by Cam Ward with a rebound.
5:59 of 3rd period - Slapshot by Karl Alzner.
5:59 of 3rd period - Shot Blocked by Jeff Woywitka.
6:01 of 3rd period - Slapshot by Karl Alzner.
6:01 of 3rd period - Shot Blocked by Nathan Beaulieu.
6:03 of 3rd period - Slapshot by Karl Alzner.
6:03 of 3rd period - Stopped by Cam Ward without a rebound.
6:04 of 3rd period - Mike Richards wins face-off versus Jordan Nolan in Flyers zone.
6:31 of 3rd period - Snap shot by Teuvo Teravainen.
6:31 of 3rd period - Shot Misses the Net.
6:57 of 3rd period - Snap shot by Ryan Callahan.
6:57 of 3rd period - Shot Blocked by Philip Samuelsson.
7:26 of 3rd period - Mike Richards is hit by Brock Nelson and loses puck.
7:41 of 3rd period - Mike Richards is hit by Jeff Carter.
8:02 of 3rd period - Petter Granberg is hit by Ryan Callahan and loses puck.
8:21 of 3rd period - Snap shot by Dany Heatley.
8:21 of 3rd period - Shot Misses the Net.
8:23 of 3rd period - Wrist shot by Chris Kelly.
8:23 of 3rd period - Shot Misses the Net.
8:41 of 3rd period - Nathan Beaulieu is hit by Tomas Hyka and loses puck.
9:29 of 3rd period - Snap shot by Ryan Callahan.
9:29 of 3rd period - Stopped by James Reimer with a rebound.
9:43 of 3rd period - Jeff Woywitka is hit by Jordin Tootoo and loses puck.
9:56 of 3rd period - Snap shot by Teuvo Teravainen.
9:56 of 3rd period - Stopped by Cam Ward without a rebound.
9:57 of 3rd period - Marcus Kruger wins face-off versus Mike Richards in Flyers zone.
10:02 of 3rd period - Mike Richards is hit by Brock Nelson and loses puck.
10:13 of 3rd period - Mike Richards is hit by Jeff Woywitka and loses puck.
10:31 of 3rd period - Dany Heatley is hit by Jeff Carter and loses puck.
10:45 of 3rd period - Minor Penalty to Riley Armstrong for Elbowing.
10:46 of 3rd period - Jeff Carter wins face-off versus Chris Kelly in Red Wings zone.
12:45 of 3rd period - Penalty to Riley Armstrong is over, Riley Armstrong is back on ice.
13:13 of 3rd period - Marcus Kruger is hit by Teuvo Teravainen and loses puck.
13:34 of 3rd period - Wrist shot by Michael Haley.
13:34 of 3rd period - Stopped by Cam Ward without a rebound.
13:35 of 3rd period - Chris Mcallister wins face-off versus Mike Richards in Flyers zone.
13:39 of 3rd period - Brian Lashoff is hit by Karl Alzner and loses puck.
13:44 of 3rd period - Slapshot by Matthew Lombardi.
13:44 of 3rd period - Stopped by James Reimer without a rebound.
13:45 of 3rd period - Jordan Nolan wins face-off versus Mike Richards in Red Wings zone.
13:49 of 3rd period - Minor Penalty to Jakub Kindl for Hooking.
13:50 of 3rd period - Jeff Carter wins face-off versus Chris Kelly in Red Wings zone.
13:50 of 3rd period - Slapshot by Jakub Voracek.
13:50 of 3rd period - Stopped by James Reimer with a rebound.
13:52 of 3rd period - Backhand shot by Nathan Beaulieu.
13:52 of 3rd period - Shot Misses the Net.
13:54 of 3rd period - Slapshot by Oliver Ekman-Larsson.
13:54 of 3rd period - Shot Misses the Net.
13:56 of 3rd period - Slapshot by Oliver Ekman-Larsson.
13:56 of 3rd period - Deflect By Jakub Voracek.
13:56 of 3rd period - Shot Blocked by Chris Kelly.
13:56 of 3rd period - Puck is out of play.
13:57 of 3rd period - Jeff Carter wins face-off versus Chris Kelly in Red Wings zone.
14:00 of 3rd period - Snap shot by Drew Miller.
14:00 of 3rd period - Shot Misses the Net.
14:02 of 3rd period - Slapshot by Oliver Ekman-Larsson.
14:02 of 3rd period - Stopped by James Reimer with a rebound.
14:04 of 3rd period - Slapshot by Jeff Carter.
14:04 of 3rd period - Shot Misses the Net.
14:31 of 3rd period - Wrist shot by Drew Miller.
14:31 of 3rd period - Shot Misses the Net.
14:33 of 3rd period - Slapshot by Jeff Carter.
14:33 of 3rd period - Shot Misses the Net.
14:41 of 3rd period - Snap shot by Drew Miller.
14:41 of 3rd period - Shot Misses the Net.
14:43 of 3rd period - Backhand shot by Nathan Beaulieu.
14:43 of 3rd period - Shot Misses the Net.
14:45 of 3rd period - Wrist shot by Jakub Voracek.
14:45 of 3rd period - Stopped by James Reimer with a rebound.
15:49 of 3rd period - Penalty to Jakub Kindl is over, Jakub Kindl is back on ice.
16:11 of 3rd period - Slapshot by Alex Picard.
16:11 of 3rd period - Shot Misses the Net.
16:13 of 3rd period - Wrist shot by Jakub Kindl.
16:13 of 3rd period - Shot Blocked by Nathan Beaulieu.
16:15 of 3rd period - Slapshot by Karl Alzner.
16:15 of 3rd period - Shot Blocked by Oliver Ekman-Larsson.
16:17 of 3rd period - Slapshot by Ryan O'Byrne.
16:17 of 3rd period - Stopped by Cam Ward without a rebound.
16:18 of 3rd period - Jordan Nolan wins face-off versus Nick Bjugstad in Flyers zone.
16:29 of 3rd period - Snap shot by Teuvo Teravainen.
16:29 of 3rd period - Shot Misses the Net.
16:53 of 3rd period - Snap shot by Jonathan Ericsson.
16:53 of 3rd period - Shot Misses the Net.
17:27 of 3rd period - Snap shot by Marcus Kruger.
17:27 of 3rd period - Stopped by James Reimer with a rebound.
17:29 of 3rd period - Wrist shot by Brock Nelson.
17:29 of 3rd period - Shot Misses the Net.
18:51 of 3rd period - Red Wings, James Reimer is pulled from the net.
18:58 of 3rd period - Icing by Jeff Woywitka.
18:59 of 3rd period - Matthew Lombardi wins face-off versus Connor Brown in Flyers zone.
19:15 of 3rd period - Snap shot by Philip Samuelsson.
19:15 of 3rd period - Deflect By Chris Kelly.
19:15 of 3rd period - Stopped by Cam Ward without a rebound.
19:16 of 3rd period - Terry Murray call a timeout for Red Wings.
19:16 of 3rd period - Matthew Lombardi wins face-off versus Chris Kelly in Flyers zone.
19:21 of 3rd period - Snap shot by Oliver Ekman-Larsson.
19:21 of 3rd period - Goal by Oliver Ekman-Larsson - Red Wings : 2 - Flyers : 4.
19:21 of 3rd period - James Reimer from Red Wings was sent back in the game.
19:22 of 3rd period - Marcus Kruger wins face-off versus David Krejci in neutral zone.
19:31 of 3rd period - Wrist shot by Brock Nelson.
19:31 of 3rd period - Stopped by James Reimer with a rebound.
19:49 of 3rd period - Slapshot by Nick Bjugstad.
19:49 of 3rd period - Stopped by Cam Ward with a rebound.
19:51 of 3rd period - Slapshot by Jiri Fischer.
19:51 of 3rd period - Stopped by Cam Ward with a rebound.
19:53 of 3rd period - Wrist shot by Jordin Tootoo.
19:53 of 3rd period - Stopped by Cam Ward with a rebound.
19:55 of 3rd period - Slapshot by Jiri Fischer.
19:55 of 3rd period - Deflect By Jordin Tootoo.
19:55 of 3rd period - Shot Blocked by Nathan Beaulieu.
19:55 of 3rd period - Puck is out of play.
19:56 of 3rd period - Matthew Lombardi wins face-off versus David Krejci in Flyers zone.
19:56 of 3rd period - Matthew Lombardi is hit by Philip Samuelsson.
19:59 of 3rd period - Minor Penalty to Jonathan Ericsson for Holding.
Goals for this period are 0 for Red Wings vs 2 for Flyers.
Shots for this period are 11 for Red Wings vs 13 for Flyers.
Goals for this period are 0 for Red Wings vs 2 for Flyers.
Shots for this period are 11 for Red Wings vs 13 for Flyers.
Back to the Top